 Dungeon Crawl Stone Soup version 0.20-a0-795-ga03948b (webtiles) character file.

268 Magnus the Gusty (level 6, 0/32 HPs)
             Began as a Tengu Air Elementalist on Mar 1, 2017.
             Slain by Sigmund
             ... wielding a +0 scythe
              (14 damage)
             ... on level 4 of the Dungeon.
             The game lasted 00:11:34 (4377 turns).

Magnus the Gusty (Tengu Air Elementalist)           Turns: 4377, Time: 00:11:34

Health: 0/32       AC:  2    Str:  8    XL:     6   Next: 21%
Magic:  7/12       EV: 13    Int: 17    God:
Gold:   117        SH:  0    Dex: 15    Spells: 4/12 levels left

rFire    . . .     SeeInvis .   d - +0 dagger
rCold    . . .     Gourm    +   a - +0 robe
rNeg     + . .     Faith    .   (no shield)
rPois    .         Spirit   .   (helmet restricted)
rElec    .         Reflect  .   (no cloak)
rCorr    .         Harm     .   (no gloves)
MR       .....                  (boots unavailable)
Stlth    +.........             f - amulet of the gourmand
Regen    0.1/turn               (no ring)
MPRegen  0.2/turn               h - ring of positive energy

@: confused
A: beak, talons 3, able to fly 1
a: Fly


You were on level 4 of the Dungeon.
You were full.

You visited 1 branch of the dungeon, and saw 4 of its levels.

You collected 117 gold pieces.

Inventory:

Hand Weapons
 d - a +0 dagger (weapon)
Armour
 a - a +0 robe (worn)
Jewellery
 f - an amulet of the gourmand (around neck)
 h - a ring of positive energy (left hand)
 v - an uncursed amulet of rage {unknown}
Scrolls
 i - a scroll of blinking {unknown}
 j - 2 scrolls of identify
 l - a scroll of enchant weapon {unknown}
 p - a scroll of enchant armour {unknown}
 s - a scroll of remove curse {unknown}
 t - a scroll of immolation {unknown}
Potions
 e - a potion of might
 g - a potion of degeneration {unknown}
 m - a potion of haste {unknown}
 n - a potion of invisibility {unknown}
 q - a potion of agility {unknown}
 r - a potion of cancellation {unknown}
 u - a potion of mutation {unknown}
Books
 b - a book of Air

   Spells                             Type                      Level
   a - Shock                          Conjuration/Air              1
   b - Swiftness                      Charms/Air                   2
   c - Static Discharge               Conjuration/Air              3
   d - Airstrike                      Air                          4
   e - Lightning Bolt                 Conjuration/Air              5
Comestibles
 c - 3 bread rations
 k - a meat ration
 o - a royal jelly


   Skills:
 - Level 2.1 Dodging
 - Level 2.0 Stealth
 + Level 3.7 Spellcasting
 + Level 4.7 Conjurations
 + Level 5.9 Air Magic


You had 4 spell levels left.
You knew the following spells:

 Your Spells              Type           Power        Failure   Level  Hunger
a - Shock                 Conj/Air       ###.         1%          1    None
b - Static Discharge      Conj/Air       ###.....     8%          3    ###....
c - Airstrike             Air            ###.......   17%         4    ####...


Dungeon Overview and Level Annotations

Branches:
Dungeon (4/15)
 Temple: D:4-7

Altars:

Annotations:
D:4 Sigmund


Innate Abilities, Weirdness & Mutations

You have a beak for a mouth.
You have claws for feet.
You can fly.


Message History

Press: ? - help, Shift-Dir - straight line, f/p - Sigmund
Aim: Sigmund, wielding a scythe and wearing a robe (heavily wounded)
The zap misses Sigmund.
Sigmund casts a spell at you.
You are confused.
Sigmund hits you from afar with a scythe!
In your confused state, you trip and fall back down the stairs.
Unknown command.
You're too confused!
Sigmund casts a spell at you. You resist with some effort.
In your confused state, you trip and fall back down the stairs.
Sigmund mumbles some strange words.
Sigmund flickers and vanishes!
Deactivating autopickup; reactivate with Ctrl-A.
Unknown command.
Something hits you.
In your confused state, you trip and fall back down the stairs.
Something hits you!
You die...

.. .##....(.# ..
#.##.#.....#.#(..
#(......#........
#.####.#...#....
#............)..
#...............
#....{[.........
#...............
#....@....#$....
#.........# ..!
#.........# .
#.........#
#.........#
#.........#
.........###
.........#


There were no monsters in sight!

Vanquished Creatures
  A centaur skeleton (D:4)
  Ijyb (D:3)
  Jessica (D:3)
  6 adders
  3 gnolls (D:3)
  An ooze (D:1)
  A worm (D:3)
  5 dart slugs
  6 leopard geckos
  3 orcs (D:3)
  A ball python (D:1)
  8 giant cockroaches
  8 hobgoblins
  3 jackals (D:1)
  6 kobolds
  8 bats
  2 frilled lizards
  8 goblins
  10 rats
82 creatures vanquished.

Notes
Turn   | Place    | Note
-------+----------+-------------------------------------------
     0 | D:1      | Magnus the Tengu Air Elementalist began the quest for the Orb.
     0 | D:1      | Reached XP level 1. HP: 10/10 MP: 4/4
   148 | D:1      | Reached XP level 2. HP: 9/15 MP: 0/6
   761 | D:1      | Reached XP level 3. HP: 19/19 MP: 4/7
  1921 | D:2      | Reached XP level 4. HP: 18/24 MP: 4/9
  2336 | D:2      | Reached skill level 5 in Air Magic
  2690 | D:2      | Learned a level 3 spell: Static Discharge
  2695 | D:2      | Learned a level 4 spell: Airstrike
  2919 | D:3      | Gained mutation: You can fly. [Tengu growth]
  2919 | D:3      | Reached XP level 5. HP: 19/28 MP: 1/10
  3352 | D:3      | Noticed Jessica
  3357 | D:3      | Killed Jessica
  3554 | D:3      | Noticed Ijyb
  3563 | D:3      | Killed Ijyb
  3700 | D:3      | Reached XP level 6. HP: 21/32 MP: 5/12
  4136 | D:4      | Noticed Sigmund
  4377 | D:4      | Slain by Sigmund

Vault maps used:
D:1:      erik_arrival_blinker_ship
D:3:      uniq_jessica, uniq_iyjb
D:4:      minmay_goblin_kobold_castle, kennysheep_vampire_church, first_bread,
          uniq_sigmund, uniq_edmund

Skill      XL: |  1  2  3  4  5 |
---------------+----------------+-----
Conjurations   | 2 3 4 |  4.7
Air Magic      | 5 |  5.9
Spellcasting   | 3 |  3.7
Dodging        | |  2.1
Stealth        | |  2.0

Action                   |  1- 3 |  4- 6 || total
-------------------------+-------+-------++-------
Melee: Unarmed           |     7 |       ||     7
       Dagger            |    36 |     1 ||    37
       Kick              |     8 |       ||     8
       Peck              |     8 |       ||     8
 Cast: Shock             |    86 |   138 ||   224
  Use: Scroll            |       |     1 ||     1
  Eat: Chunk             |     4 |    13 ||    17
Armor: Robe              |    11 |     7 ||    18
Dodge: Dodged            |    47 |    21 ||    68
